 Dungeon Crawl Stone Soup version 0.30.1-11-g7821555f0a (webtiles) character file.

Game seed: 3607668520115151119

3689 fireball365 the Cleaver (level 9, -2/79 HPs)
             Began as a Minotaur Fighter on Oct 29, 2023.
             Was an Initiate of Gozag.
             Slain by an eight-headed hydra (10 damage)
             ... on level 8 of the Dungeon.
             The game lasted 00:16:07 (8849 turns).

fireball365 the Cleaver (Minotaur Fighter)          Turns: 8849, Time: 00:16:10

Health: -2/79      AC: 15    Str: 25    XL:     9   Next: 90%
Magic:  8/8        EV:  8    Int:  9    God:    Gozag
Gold:   902        SH:  5    Dex:  8    Spells: 8/8 levels left

rFire   + . .        a - +1 war axe
rCold   + + .        c - +0 buckler
rNeg    + . .        H - +0 plate armour
rPois   +            (helmet restricted)
rElec   .            e - scarf {rC+ rF+}
rCorr   .            g - +0 pair of gloves
SInv    +            (no boots)
Will    .....        f - amulet "Idupin" {Acrobat rC+ Will- Regen+ SInv} Stlth
                     j - ring of positive energy
HPRegen 1.13/turn    (no ring)
MPRegen 0.11/turn

%: acrobat
@: flying (expiring)
A: horns 2, retaliatory headbutt, clever 1, poison resistance
a: Renounce Religion, Potion Petition, Call Merchant, Bribe Branch


You were on level 8 of the Dungeon.
You worshipped Gozag.
Gozag was pleased with you.
You visited 2 branches of the dungeon, and saw 10 of its levels.

You collected 995 gold pieces.
You paid 93 gold pieces to Gozag.

Inventory:

Hand Weapons
 a - a +1 war axe (weapon)
Armour
 c - a +0 buckler (worn)
 e - a scarf of resistance (worn)
 g - a +0 pair of gloves (worn)
 x - a +2 scale mail of willpower
 H - a +0 plate armour (worn)
Jewellery
 f - the amulet "Idupin" (around neck) {Acrobat rC+ Will- Regen+ SInv}
   (You found it on level 6 of the Dungeon)

   [amulet of the acrobat]

   It increases your evasion while moving and waiting.
   rC:        It protects you from cold.
   SInv:      It lets you see invisible.
   Regen:     It increases your rate of health regeneration.
   Will:      It decreases your willpower.
 j - a ring of positive energy (left hand)
Wands
 k - a wand of iceblast (26)
 y - a wand of polymorph (14)
 B - a wand of quicksilver (10)
Scrolls
 b - a scroll of enchant weapon
 h - 2 scrolls of fear
 l - 5 scrolls of teleportation
 n - a scroll of torment
 q - 3 scrolls of immolation
 v - 4 scrolls of poison
 D - 2 scrolls of vulnerability
Potions
 d - 3 potions of might
 i - a potion of degeneration
 o - a potion of mutation
 p - 4 potions of lignification
 r - 3 potions of brilliance
 t - a potion of haste
 z - 4 potions of attraction
 C - a potion of invisibility {unknown}


   Skills:
 + Level 7.5 Fighting
 + Level 11.5 Axes
 + Level 9.3 Armour
 + Level 3.2 Dodging
 + Level 1.3 Stealth
 + Level 6.1 Shields


You had 8 spell levels left.
You didn't know any spells.
Your spell library contained the following spells:

 Spells                   Type           Power      Damage    Failure   Level
 Magic Dart               Conj           0%         1d3       99%         1
 Blink                    Tloc           0%         N/A       100%        2
 Lesser Beckoning         Tloc           0%         N/A       100%        2
 Momentum Strike          Conj/Tloc      0%         3d8       100%        2
 Searing Ray              Conj           0%         2d4       100%        2
 Fulminant Prism          Conj/Hex       0%         3d5       100%        4


Dungeon Overview and Level Annotations

Branches:
Dungeon (9/15)             Temple (1/1) D:6
   Lair: D:8-11         Orc: D:9-12

Altars:
Ashenzari
Cheibriados
Dithmenos
Elyvilon
Fedhas
Gozag
Hepliaklqana
Kikubaaqudgha
Makhleb
Nemelex Xobeh
Okawaru
Qazlal
Ru
Sif Muna
Trog
Uskayaw
Vehumet
Wu Jian
Xom
Yredelemnul
Zin
The Shining One

Shops:
D:4 :   D:7 (

Annotations:
D:5 3 runed translucent doors, middlethird's ghost, amateur VSNe


Innate Abilities, Weirdness & Mutations

You have a pair of horns on your head.
You reflexively headbutt those who attack you in melee.
Your mind is acute. (Int +4, Str/Dex -1)
Your system is resistant to poisons. (rPois)


Message History

The six-headed hydra bites you!
You block the six-headed hydra's attack.
The six-headed hydra bites you but does no damage.
The six-headed hydra bites you.
You barely miss the six-headed hydra.
Your headbutt misses the six-headed hydra.
The six-headed hydra is moderately wounded.
The six-headed hydra closely misses you.
The six-headed hydra bites you! x2
* * * LOW HITPOINT WARNING * * *
You block the six-headed hydra's attack.
The six-headed hydra bites you!
* * * LOW HITPOINT WARNING * * *
The six-headed hydra bites you but does no damage.
You feel much better. The six-headed hydra bites you.
The six-headed hydra closely misses you.
The six-headed hydra bites you. The six-headed hydra barely misses you.
The six-headed hydra bites you but does no damage.
The six-headed hydra bites you.
You hack one of the six-headed hydra's heads off!
The five-headed hydra grows two more!
You slash the seven-headed hydra!
The seven-headed hydra is heavily wounded.
The seven-headed hydra bites you.
You block the seven-headed hydra's attack.
The seven-headed hydra bites you.
* * * LOW HITPOINT WARNING * * *
The seven-headed hydra bites you.
* * * LOW HITPOINT WARNING * * *
The seven-headed hydra bites you but does no damage.
The seven-headed hydra barely misses you.
The seven-headed hydra bites you.
* * * LOW HITPOINT WARNING * * *
You chop one of the seven-headed hydra's heads off!
The six-headed hydra grows two more!
You slash the eight-headed hydra!
The eight-headed hydra is heavily wounded.
The eight-headed hydra bites you!
* * * LOW HITPOINT WARNING * * *
The eight-headed hydra bites you!
You die...
Your body crumbles into a pile of gold.

.###.............................
#...^............................
###..............[...............
#.........................[....
#..............................
#..............................
##.............................
#.............................
#...........>@................
##...........D................
#############################


You could see an eight-headed hydra.

Vanquished Creatures
  A hornet (D:8)
  Eustachio (D:4)
  A steam dragon (D:8)
  4 black bears
  An orc warrior (D:6)
  2 sky beasts
  4 ogres
  A centaur (D:6)
  A kobold brigand (D:6)
  2 bullfrogs
  2 scorpions (D:5)
  5 wights (D:8)
  10 killer bees (D:8)
  4 howler monkeys
  2 jellies
  A gnoll bouda (D:6)
  A hound (D:6)
  3 orc priests
  A sleepcap (D:5)
  4 iguanas
  12 orc wizards
  8 gnolls
  15 adders
  A shadow imp (D:5)
  2 ufetubi (D:5)
  3 worms
  2 dart slugs
  19 orcs
  8 bats
  6 endoplasms
  3 giant cockroaches (D:2)
  6 goblins
  8 hobgoblins
  2 jackals (D:1)
  8 quokkas
  11 ball pythons
  A frilled lizard (D:2)
  6 kobolds
  2 rats
174 creatures vanquished.

Notes
Turn   | Place    | Note
-------+----------+-------------------------------------------
     0 | D:1      | fireball365 the Minotaur Fighter began the quest for the
                  | Orb.
     0 | D:1      | Reached XP level 1. HP: 19/19 MP: 0/0
   256 | D:1      | Reached XP level 2. HP: 13/27 MP: 1/1
   993 | D:2      | Reached skill level 3 in Axes
  1088 | D:2      | Reached XP level 3. HP: 30/33 MP: 2/2
  1687 | D:2      | Reached skill level 1 in Dodging
  1687 | D:2      | Reached XP level 4. HP: 40/40 MP: 3/3
  1725 | D:2      | Reached skill level 4 in Axes
  1965 | D:2      | Reached XP level 5. HP: 47/47 MP: 4/4
  2258 | D:3      | Found Olecum's Distillery.
  2463 | D:3      | Reached skill level 5 in Axes
  2878 | D:4      | Found Zegrerur's Self-Improvement Boutique.
  2938 | D:4      | Found a shimmering altar of Xom.
  3026 | D:4      | Noticed an ogre
  3032 | D:4      | Killed an ogre
  3033 | D:4      | Reached XP level 6. HP: 26/53 MP: 5/5
  3638 | D:5      | Entered Level 5 of the Dungeon
  3642 | D:5      | Noticed Eustachio
  3696 | D:4      | Killed Eustachio
  3697 | D:4      | Reached skill level 5 in Fighting
  3697 | D:4      | Reached skill level 6 in Axes
  3697 | D:4      | Reached skill level 5 in Armour
  3775 | D:5      | Reached XP level 7. HP: 61/61 MP: 6/6
  3848 | D:5      | HP: 1/61 [something (5)]
  3853 | D:5      | HP: 2/61 [something (6)]
  4052 | D:5      | Reached skill level 7 in Axes
  4165 | D:5      | Reached skill level 5 in Shields
  4658 | D:5      | Found a runed translucent gate.
  4658 | D:5      | Found a runed translucent gate.
  4658 | D:5      | Found a runed translucent gate.
  4658 | D:5      | Noticed middlethird's ghost (amateur VSNe)
  4703 | D:5      | Reached XP level 8. HP: 21/70 MP: 7/7
  5560 | D:6      | Found a staircase to the Ecumenical Temple.
  5576 | D:6      | Found a shimmering blue altar of Sif Muna.
  5603 | Temple   | Entered the Ecumenical Temple
  5613 | Temple   | Became a worshipper of Gozag Ym Sagoz the Greedy
  5650 | D:6      | Reached skill level 1 in Stealth
  5892 | D:6      | Reached skill level 8 in Axes
  6116 | D:6      | Identified the amulet "Idupin" {Acrobat rC+ Will- Regen+
                  | SInv}
  6137 | D:6      | HP: 3/71 [orc warrior/+0 long sword (9)]
  6246 | Temple   | Reached skill level 9 in Axes
  6550 | D:6      | Reached XP level 9. HP: 78/78 MP: 8/8
  6824 | D:7      | Found a sacrificial altar of Ru.
  6953 | D:7      | Gained mutation: Your mind is acute. (Int +4, Str/Dex -1)
                  | [potion of mutation]
  6953 | D:7      | Gained mutation: Your system is resistant to poisons.
                  | (rPois) [potion of mutation]
  6999 | D:7      | Found a blossoming altar of Fedhas.
  6999 | D:7      | Found a broken altar of Ashenzari.
  7006 | D:7      | Reached skill level 10 in Axes
  7101 | D:7      | Found Wateity's Antique Weapon Shoppe.
  7995 | D:8      | Reached skill level 11 in Axes
  8824 | D:9      | Noticed a four-headed hydra
  8849 | D:8      | Slain by an eight-headed hydra

Illustrated notes

Levels and vault maps discovered:
D:1:      kennysheep_arrival_forest, layout_basic
D:2:      layout_basic, minmay_snake_closets
D:3:      layout_basic, serial_shops, nicolae_shop_hallway_stairs
D:4:      layout_loops_ring, mainiacjoe_overflow_boulevard,
          nicolae_shop_self_help
D:5:      layout_layer_cave, gammafunk_ghost_nasty_kobolds, uniq_eustachio
D:6:      layout_basic, mainiacjoe_overflow_tiny_flanked,
          minmay_temple_entry_glass, grunt_ministairs_4
D:7:      layout_basic, nicolae_overflow_two_pavilions,
          nicolae_ru_sacrificial_ziggurat, serial_shops, shop,
          grunt_ministairs_1
D:8:      layout_layer_cave
D:9:      layout_long_grid, lair_entry_dummy, nzn_life_drinkers, uniq_maurice
Temple:   sentei_temple_godly_chess

Skill      XL: |  1  2  3  4  5  6  7  8  9 |
---------------+----------------------------+-----
Fighting       | 4 5 6 7 |  7.5
Axes           | 3 4 5 6 7 9 11 | 11.5
Shields        | 4 5 6 |  6.1
Armour         | 4 5 6 7 9 |  9.3
Dodging        | 1 2 3 |  3.2
Stealth        | 1 |  1.3

Action                     |  1- 3 |  4- 6 |  7- 9 || total
---------------------------+-------+-------+-------++-------
  Melee: War axe           |    77 |   166 |   279 ||   522
         Headbutt          |     7 |    24 |    42 ||    73
    Use: Scroll            |       |     7 |    12 ||    19
         Potion            |       |       |     7 ||     7
   Stab: Distracted        |       |       |     2 ||     2
 Armour: Scale mail        |    71 |   115 |    80 ||   266
         Plate armour      |       |       |   105 ||   105
  Dodge: Dodged            |    75 |    97 |   196 ||   368
  Block: Buckler           |    27 |    44 |    90 ||   161
